 Dungeon Crawl Stone Soup version 0.28-a0-1555-g9ae15a6949 (webtiles) character file.

Game seed: 14104215373544178559

398 issech the Cudgeller (level 6, -8/61 HPs)
             Began as a Troll Fighter on Jan 19, 2022.
             Killed by divine providence
             ... invoked by an orc priest
              (12 damage)
             ... on level 4 of the Dungeon.
             The game lasted 00:07:23 (2838 turns).

issech the Cudgeller (Troll Fighter)                Turns: 2838, Time: 00:07:24

Health: -8/61      AC:  5    Str: 25    XL:     6   Next: 53%
Magic:  5/5        EV:  9    Int:  4    God:
Gold:   115        SH:  7    Dex: 11    Spells: 5/5 levels left

rFire   . . .      SeeInvis +   a - +0 flail
rCold   . . .      Faith    .   c - +0 kite shield
rNeg    . . .      Spirit   .   b - +0 robe
rPois   .          Reflect  .   (helmet restricted)
rElec   .          Harm     .   u - +0 cloak
rCorr   .          Rampage  .   (gloves unavailable)
Will    .....                   (boots unavailable)
Stlth   +.........              (no amulet)
HPRegen 1.00/turn               l - ring of see invisible
MPRegen 0.09/turn               (no ring)

@: no status effects
A: large, unfitting armour, claws 3, regeneration 1, shaggy fur 1, tough skin 1
a: no special abilities


You were on level 4 of the Dungeon.
You visited 1 branch of the dungeon, and saw 4 of its levels.

You collected 115 gold pieces.

Inventory:

Hand Weapons
 a - a +0 flail (weapon)
 m - a +0 shortbow
 p - a +0 mace
 r - a +0 quarterstaff
Missiles
 i - 106 stones (quivered)
 n - 34 sling bullets
 o - 21 bolts
Armour
 b - a +0 robe (worn)
 c - a +0 kite shield (worn)
 u - a +0 cloak (worn)
Jewellery
 l - a ring of see invisible (left claw)
Scrolls
 e - a scroll of brand weapon {unknown}
 f - a scroll of teleportation {unknown}
 g - a scroll of enchant armour {unknown}
 h - 2 scrolls of magic mapping {unknown}
 j - a scroll of enchant weapon {unknown}
 k - a scroll of fog {unknown}
 q - a scroll of noise {unknown}
Potions
 d - a potion of might
 s - a potion of degeneration {unknown}
 t - a potion of attraction {unknown}


   Skills:
 + Level 3.5 Fighting
 + Level 4.5 Maces & Flails
 + Level 3.2 Dodging
 + Level 0.4 Stealth
 + Level 3.1 Shields


You had 5 spell levels left.
You didn't know any spells.
Your spell library contained the following spells:

 Spells                   Type           Power      Damage    Failure   Level
 Sandblast                Erth           0%         2d4       80%         1
 Ensorcelled Hibernation  Hex/Ice        0%         N/A       90%         2
 Passwall                 Tmut/Erth      0%         N/A       90%         2
 Stone Arrow              Conj/Erth      0%         3d7       99%         3
 Swiftness                Air            0%         N/A       99%         3


Dungeon Overview and Level Annotations

Branches:
Dungeon (4/15)
 Temple: D:4-7

Altars:
Vehumet


Innate Abilities, Weirdness & Mutations

You are too large for most types of armour.
You have claws for hands.
Your natural rate of healing is unusually fast.
You are covered in fur. (AC +1)
You have tough skin. (AC +1)


Message History

The orc wizard gestures at you while chanting.
You resist with some effort.
The orc priest hits you with a +0 morningstar.
The orc wizard hits you with a +0 dagger.
You thump the orc wizard!
You kill the orc wizard!
The orc priest calls down the wrath of Beogh upon you.
Pain shoots through your body!
You hit the orc priest.
The orc priest is lightly wounded.
The orc priest hits you with a +0 morningstar!
You hit the orc priest but do no damage.
The orc priest is lightly wounded.
The orc priest hits you with a +0 morningstar!
The orc priest barely misses you.
You closely miss the orc priest.
The orc priest is lightly wounded.
The orc priest hits you with a +0 morningstar.
* * * LOW HITPOINT WARNING * * *
You barely miss the orc priest.
The orc priest hits you but does no damage.
You thump the orc priest!
The orc priest is severely wounded.
The orc priest hits you with a +0 morningstar.
The orc priest mumbles some strange prayers to Beogh against you.
Pain shoots through your body!
* * * LOW HITPOINT WARNING * * *
You closely miss the orc priest.
The orc priest is severely wounded.
You block the orc priest's attack.
You hit the orc priest.
The orc priest is severely wounded.
The orc priest hits you with a +0 morningstar!
* * * LOW HITPOINT WARNING * * *
Unknown command.
You barely miss the orc priest.
The orc priest is severely wounded.
The orc priest calls down the wrath of Beogh upon you.
Beogh smites you!
You die...

................
...............#
..............##
...............
.............#
............#
......o....#
......)@.<.#
.........)##
.........##
.#####..## #..#
#^## ##


You could see an orc priest.

Vanquished Creatures
  Grinder (D:3)
  A scorpion (D:3)
  2 orc wizards (D:4)
  4 adders (D:2)
  A worm (D:2)
  2 dart slugs
  2 orcs (D:3)
  4 ball pythons
  5 endoplasms
  2 giant cockroaches
  3 goblins
  6 hobgoblins
  5 kobolds
  3 quokkas (D:1)
  3 bats
  2 frilled lizards
  7 rats
53 creatures vanquished.

Notes
Turn   | Place    | Note
-------+----------+-------------------------------------------
     0 | D:1      | issech the Troll Fighter began the quest for the Orb.
     0 | D:1      | Reached XP level 1. HP: 22/22 MP: 0/0
   183 | D:1      | Reached XP level 2. HP: 29/29 MP: 1/1
   277 | D:1      | Reached skill level 2 in Maces & Flails
   948 | D:2      | Reached XP level 3. HP: 36/36 MP: 2/2
  1459 | D:2      | Reached XP level 4. HP: 44/44 MP: 3/3
  1849 | D:3      | Found a radiant altar of Vehumet.
  1931 | D:3      | Noticed a scorpion
  1939 | D:3      | Killed a scorpion
  1940 | D:3      | Reached skill level 3 in Maces & Flails
  1940 | D:3      | Reached XP level 5. HP: 51/53 MP: 4/4
  2331 | D:3      | Noticed Grinder
  2366 | D:3      | Killed Grinder
  2367 | D:3      | Reached skill level 4 in Maces & Flails
  2367 | D:3      | Reached XP level 6. HP: 34/61 MP: 5/5
  2635 | D:3      | Found a faded altar of an unknown god.
  2837 | D:4      | HP: 2/61 [orc priest (11)]
  2838 | D:4      | Killed from afar by an orc priest

Illustrated notes

Levels and vault maps discovered:
D:1:      arrival_zaba_pyramid, layout_basic
D:2:      layout_loops_ring, chequers_decorated_corner
D:3:      layout_basic, mainiacjoe_overflow_tiny_flanked,
          hellmonk_ecumenical_altar_prayer_group, uniq_grinder
D:4:      layout_layer_cave, temple_green, uniq_robin

Skill      XL: |  1  2  3  4  5 |
---------------+----------------+-----
Maces & Flails | 2 3 4 |  4.5
Fighting       | 3 |  3.5
Dodging        | 3 |  3.2
Shields        | 3 |  3.1
Stealth        | |  0.4

Action                   |  1- 3 |  4- 6 || total
-------------------------+-------+-------++-------
Melee: Flail             |   102 |   101 ||   203
Armor: Robe              |    35 |    31 ||    66
Dodge: Dodged            |    55 |    31 ||    86
Block: Kite shield       |    40 |    33 ||    73

Table legend: (Time is in decaauts)
 A = Elapsed time spent in this place.
 B = Non-inter-level travel time spent in this place.
 C = Inter-level travel time spent in this place.
 D = Time resting spent in this place.
 E = Time spent auto-exploring this place.
 F = Levels seen in this place.
 G = Mean time per level.
                   A        B        C        D        E       F      G
               +--------+--------+--------+--------+--------+-----+--------+
         Total |   2918 |   2848 |     70 |     31 |   1745 |   4 |  729.5 |
       Dungeon |   2918 |   2848 |     70 |     31 |   1745 |   4 |  729.5 |
               +--------+--------+--------+--------+--------+-----+--------+

Top non-repeatable levels by time:
     D:3: 1053 daAuts
     D:1: 946 daAuts
     D:2: 891 daAuts
     D:4: 27 daAuts
